 Dungeon Crawl Stone Soup version 0.21.1-1-g345015f (webtiles) character file.

270 Monsterracer the Conjurer (level 6, 0/36 HPs)
             Began as an Octopode Wizard on Feb 12, 2018.
             Was a Follower of Sif Muna.
             Slain by a phantom (10 damage)
             ... on level 4 of the Dungeon.
             The game lasted 00:08:57 (5224 turns).

Monsterracer the Conjurer (Octopode Wizard)         Turns: 5224, Time: 00:08:58

Health: 0/36       AC:  1    Str:  6    XL:     6   Next: 22%
Magic:  0/11       EV: 13    Int: 23    God:    Sif Muna [*.....]
Gold:   182        SH:  0    Dex: 10    Spells: 2/11 levels left

rFire    . . .     SeeInvis .   a - +1 spear
rCold    . . .     Gourm    .   (no shield)
rNeg     . . .     Faith    .   n - +0 hat
rPois    .         Spirit   .   (no amulet)
rElec    .         Reflect  .   (no ring)
rCorr    .         Harm     .   (no ring)
MR       .....                  (no ring)
Stlth    +++.......             (no ring)
HPRegen  0.12/turn              (no ring)
MPRegen  0.12/turn              (no ring)
                                (no ring)
                                (no ring)

@: no status effects
A: almost no armour, stealthy swim, amphibious, 8 rings, constrict 8, camouflage
1, gelatinous body 1
a: Divine Energy, Renounce Religion


You were on level 4 of the Dungeon.
You worshipped Sif Muna.
Sif Muna was aware of your devotion.
You were not hungry.

You visited 1 branch of the dungeon, and saw 4 of its levels.

You collected 272 gold pieces.
You spent 90 gold pieces at shops.

Inventory:

Hand Weapons
 a - a +1 spear (weapon)
 b - a +0 dagger
Missiles
 m - a throwing net (quivered)
Armour
 n - a +0 hat (worn)
Scrolls
 e - a scroll of remove curse
 i - a scroll of enchant weapon
 j - a scroll of amnesia
Potions
 d - a potion of berserk rage {!q}
 f - 2 potions of might
 g - a potion of brilliance
 p - a potion of curing
 q - a potion of mutation {unknown}
 r - 2 potions of invisibility
Comestibles
 c - 5 rations


   Skills:
 + Level 2.0 Dodging
 + Level 3.0 Stealth
 + Level 3.4 Spellcasting
 * Level 5.6 Conjurations
   Level 1.0 Summonings
 - Level 1.0 Translocations


You had 2 spell levels left.
You knew the following spells:

 Your Spells              Type           Power        Failure   Level  Hunger
a - Magic Dart            Conj           ####         1%          1    None
b - Conjure Flame         Conj/Fire      ###.....     11%         3    ###....
c - Mephitic Cloud        Conj/Pois/Air  ##......     16%         3    ###....
e - Blink                 Tloc           N/A          11%         2    ##.....


Dungeon Overview and Level Annotations

Branches:
Dungeon (4/15)
 Temple: D:4-7

Altars:
Ashenzari
Cheibriados
Elyvilon
Sif Muna
Trog
Wu Jian
Zin


Innate Abilities, Weirdness & Mutations

You cannot wear most types of armour.
You are very stealthy in the water. (Stealth+)
You are amphibious.
You can wear up to eight rings at the same time.
You can use your tentacles to constrict eight enemies at once.
Your skin changes colour to match your surroundings (Stealth+).
Your rubbery body absorbs attacks. (AC +1, EV +1)


Message History

You start resting.
You are feeling hungry.
You start resting.
There isn't anything here!
There is an open door, spattered with blood here.
You see here a jackal corpse.
You butcher the jackal corpse.
There is an open door, spattered with blood here.
You see here 2 chunks of flesh.
Eat one of 2 chunks of flesh? (ye/n/q)
You eat one of the 2 chunks of flesh.
This raw flesh tastes terrible.
The phantom blinks!
There is a stone staircase leading up here.
You start resting.
HP restored.
Health restored: 36 You start resting.
Casting: Magic Dart
Confirm with . or Enter, or press ? or * to list all spells.
Aiming: Magic Dart
Press: ? - help, Shift-Dir - straight line, f - phantom
Aim: a phantom The magic dart hits the phantom.
The phantom is lightly damaged.
You now have 6/11 mp.
Casting: Magic Dart
Confirm with . or Enter, or press ? or * to list all spells.
Aiming: Magic Dart
Press: ? - help, Shift-Dir - straight line, f/p - phantom
Aim: a phantom (lightly damaged)
The magic dart hits the phantom.
The phantom is moderately damaged.
You now have 5/11 mp.
Casting: Magic Dart
Confirm with . or Enter, or press ? or * to list all spells.
Aiming: Magic Dart
Press: ? - help, Shift-Dir - straight line, f/p - phantom
Aim: a phantom (moderately damaged)
The magic dart hits the phantom.
The phantom is moderately damaged.
The phantom hits you but does no damage.
You now have 4/11 mp.
Casting: Magic Dart
Confirm with . or Enter, or press ? or * to list all spells.
Aiming: Magic Dart
Press: ? - help, Shift-Dir - straight line, f/p - phantom
Aim: a phantom (moderately damaged)
The magic dart hits the phantom.
The phantom is heavily damaged.
The phantom hits you.
The phantom blinks!
You take 5 damage, and have 31/36 hp.
You now have 3/11 mp.
Casting: Magic Dart
Confirm with . or Enter, or press ? or * to list all spells.
Aiming: Magic Dart
Press: ? - help, Shift-Dir - straight line, f/p - phantom
Aim: a phantom (heavily damaged)
The magic dart hits the phantom.
The phantom is heavily damaged.
Casting: Magic Dart
Confirm with . or Enter, or press ? or * to list all spells.
Aiming: Magic Dart
Press: ? - help, Shift-Dir - straight line, f/p - phantom
Aim: a phantom (heavily damaged)
The magic dart hits the phantom.
The phantom is severely damaged.
You now have 2/11 mp.
Casting: Magic Dart
Confirm with . or Enter, or press ? or * to list all spells.
Aiming: Magic Dart
Press: ? - help, Shift-Dir - straight line, f/p - phantom
Aim: a phantom (severely damaged)
The magic dart hits the phantom.
The phantom is severely damaged.
The phantom hits you!
You take 7 damage, and have 24/36 hp.
You now have 1/11 mp.
Casting: Magic Dart
Confirm with . or Enter, or press ? or * to list all spells.
Aiming: Magic Dart
Press: ? - help, Shift-Dir - straight line, f/p - phantom
Aim: a phantom (severely damaged)
The magic dart hits the phantom.
The phantom is almost destroyed.
The phantom hits you.
You take 5 damage, and have 19/36 hp.
You now have 0/11 mp.
Casting: Magic Dart
Confirm with . or Enter, or press ? or * to list all spells.
You don't have enough magic to cast that spell.
Casting: Magic Dart
Confirm with . or Enter, or press ? or * to list all spells.
You don't have enough magic to cast that spell.
You closely miss the phantom.
You squeeze the phantom, but do no damage.
The phantom is almost destroyed.
The phantom hits you!
* * * LOW HITPOINT WARNING * * *
You take 9 damage, and have 10/36 hp.
MASSIVE DAMAGE!!
You barely miss the phantom. Your squeeze misses the phantom.
The phantom is almost destroyed.
The phantom hits you!
You die...

#....# ..........# # ..
#....# #.#.......#.#
...#...W###.#.###.....###
...'....'.......>.........
..#....###.####......####
..'....%.#.#.........#
..#....#.#.#.##......#
######.#........####
#.#@#........
#.#W#.......##
########.#.#.#.....#
#..........#.+.....#
#..........###.....#
#...)......# .....#
#..........# ...
#..........###.....
#...............[#


You could see a phantom.

Vanquished Creatures
  An orc priest (D:2)
  An orc wizard (D:2)
  A centaur skeleton (D:4)
  2 gnolls (D:2)
  4 adders
  An ooze (D:2)
  A worm (D:3)
  3 dart slugs
  3 leopard geckos
  12 orcs
  2 giant cockroaches
  13 goblins
  8 hobgoblins
  4 jackals (D:4)
  6 quokkas
  9 bats
  6 frilled lizards
  A jackal skeleton (D:4)
  11 kobolds
  14 rats
  2 plants (D:2)
105 creatures vanquished.

Vanquished Creatures (others)
  3 plants (D:2)
3 creatures vanquished.

Grand Total: 108 creatures vanquished

Notes
Turn   | Place    | Note
-------+----------+-------------------------------------------
     0 | D:1      | Monsterracer the Octopode Wizard began the quest for the Orb.
     0 | D:1      | Reached XP level 1. HP: 11/11 MP: 4/4
    48 | D:1      | HP: 4/11 [leopard gecko (2)]
   435 | D:1      | Reached skill level 2 in Conjurations
   435 | D:1      | Reached XP level 2. HP: 17/17 MP: 4/6
   525 | D:1      | Learned a level 2 spell: Blink
   914 | D:1      | Reached XP level 3. HP: 21/21 MP: 3/7
   919 | D:1      | Learned a level 3 spell: Conjure Flame
  1187 | D:1      | Reached skill level 3 in Conjurations
  1780 | D:2      | Reached XP level 4. HP: 27/27 MP: 0/8
  1806 | D:2      | HP: 13/27 [gnoll/spear (6)]
  1808 | D:2      | Reached skill level 4 in Conjurations
  1826 | D:2      | Found a bloodstained altar of Trog.
  1828 | D:2      | HP: 13/27 [giant cockroach (2)]
  2285 | D:2      | Learned a level 3 spell: Mephitic Cloud
  2294 | D:2      | Found a bloodstained altar of Trog.
  2346 | D:2      | Found a deep blue altar of Sif Muna.
  2383 | D:2      | Reached XP level 5. HP: 25/31 MP: 1/9
  2423 | D:2      | Became a worshipper of Sif Muna the Loreminder
  2492 | D:2      | Reached skill level 5 in Conjurations
  2749 | D:2      | Found Zin's Purification Station.
  2751 | D:2      | Found a glowing silver altar of Zin.
  2754 | D:2      | Bought a potion of curing for 90 gold pieces
  2837 | D:2      | Found a shattered altar of Ashenzari.
  2837 | D:2      | Found a white marble altar of Elyvilon.
  3597 | D:3      | Found an ornate altar of the Wu Jian Council.
  3601 | D:3      | HP: 14/31 [orc/hand axe (7)]
  3662 | D:3      | HP: 15/31 [kobold/spear (4)]
  3864 | D:3      | HP: 10/31 [orc/war axe (10)]
  3871 | D:3      | HP: 9/31 [orc/flail (2)]
  4209 | D:3      | HP: 15/31 [poisoned by kobold (curare-tipped needle)]
  4217 | D:3      | HP: 13/31 [poisoned by kobold (curare-tipped needle)]
  4225 | D:3      | HP: 12/31 [poisoned by kobold (curare-tipped needle)]
  4700 | D:3      | Found a snail-covered altar of Cheibriados.
  4745 | D:3      | Reached * piety under Sif Muna
  4869 | D:3      | Reached XP level 6. HP: 36/36 MP: 8/11
  5183 | D:4      | Noticed a phantom
  5223 | D:4      | HP: 10/36 [phantom (9)]
  5224 | D:4      | Slain by a phantom

Skill      XL: |  1  2  3  4  5  6 |
---------------+-------------------+-----
Conjurations   | 2 3 4 5 |  5.6
Stealth        | 3 |  3.0
Dodging        | |  2.0
Spellcasting   | |  3.4
Summonings     | |  1.0
Translocations | |  1.0

Action                   |  1- 3 |  4- 6 || total
-------------------------+-------+-------++-------
Melee: Unarmed           |     2 |       ||     2
       Dagger            |     3 |    16 ||    19
       Constrict         |     1 |    16 ||    17
       Tentacles         |     1 |    11 ||    12
       Spear             |       |    86 ||    86
 Cast: Magic Dart        |    67 |   144 ||   211
       Mephitic Cloud    |       |     2 ||     2
       Conjure Flame     |       |     1 ||     1
  Use: Scroll            |       |    12 ||    12
  Eat: Chunk             |     2 |    12 ||    14
Armor: Skin              |     1 |    11 ||    12
Dodge: Dodged            |     7 |    71 ||    78

Vault maps used:
D:1:      dpeg_arrival_prison
D:2:      wad_woods_stonehenge, led_sif_pool, zin_purify, bloody_trog,
          gammafunk_temple_overflow_wave, serial_glass, glass_columns_a,
          glass_columns_c, glass_columns_c, glass_columns_b, glass_columns_c,
          glass_columns_b, glass_columns_b, glass_columns_b, item_on_display_a,
          item_on_display_b, kennysheep_generic_room_5
D:3:      old_standard_altar, cheibriados_altar_1, first_ration
D:4:      guppyfry_early_lair_pool
